 Dungeon Crawl Stone Soup version 0.21.1-1-g345015f (webtiles) character file.

17663 Savaroth the Cleaver (level 12, -1/97 HPs)
             Began as a Gnoll Berserker on Apr 1, 2018.
             Was a Priest of Trog.
             Incinerated by a deep elf mage (5 damage)
             ... with a sticky flame
             ... on level 11 of the Dungeon.
             The game lasted 00:39:51 (10299 turns).

Savaroth the Cleaver (Gnoll Berserker)             Turns: 10299, Time: 00:39:52

Health: -1/97      AC: 22    Str: 25    XL:     12   Next: 50%
Magic:  22/22      EV: 10    Int: 10    God:    Trog [***...]
Gold:   633        SH: 11    Dex: 14    Spells: 24/25 levels left

rFire    . . .     SeeInvis .   a - +1 hand axe
rCold    + . .     Gourm    .   o - +0 shield
rNeg     . . .     Faith    .   w - +0 plate armour {rC+}
rPois    +         Spirit   .   j - +2 hat
rElec    .         Reflect  .   q - +2 cloak
rCorr    .         Harm     .   B - +2 pair of gloves
MR       .....                  (no boots)
Stlth    ..........             (no amulet)
HPRegen  0.26/turn              d - ring of poison resistance
MPRegen  0.18/turn              v - +4 ring of slaying

@: liquid flames, glowing
A: distributed training, fangs 1, strong nose
a: Berserk, Trog's Hand, Burn Spellbooks, Renounce Religion


You were on level 11 of the Dungeon.
You worshipped Trog.
Trog was most pleased with you.
You were hungry.

You visited 1 branch of the dungeon, and saw 13 of its levels.

You collected 633 gold pieces.

Inventory:

Hand Weapons
 a - a +1 hand axe (weapon)
Armour
 j - a +2 hat (worn)
 o - a +0 shield (worn)
 q - a +2 cloak (worn)
 w - a +0 plate armour of cold resistance (worn)
 B - a +2 pair of gloves (worn)
Jewellery
 d - a ring of poison resistance (left hand)
 p - an uncursed ring of ice
 v - a +4 ring of slaying (right hand)
Wands
 l - a wand of flame (29)
Scrolls
 b - 7 scrolls of identify
 h - 2 scrolls of enchant weapon
 i - a scroll of blinking
 k - a scroll of enchant armour
 n - 4 scrolls of teleportation
 s - a scroll of magic mapping
 u - 2 scrolls of remove curse
Potions
 f - 2 potions of agility
 g - 3 potions of curing
 r - a potion of cancellation
 z - a potion of magic
 A - 3 potions of might
 C - 2 potions of lignification
 D - a potion of flight
Comestibles
 c - 10 rations


   Skills:
 + Level 9.8 Fighting
 + Level 7.2 Short Blades
 + Level 7.2 Long Blades
 + Level 9.8 Axes
 + Level 7.2 Maces & Flails
 + Level 7.2 Polearms
 + Level 7.2 Staves
 + Level 7.2 Slings
 + Level 7.2 Bows
 + Level 7.2 Crossbows
 + Level 7.2 Throwing
 + Level 8.6 Armour
 + Level 8.6 Dodging
 + Level 7.2 Stealth
 + Level 7.2 Shields
 + Level 7.2 Unarmed Combat
 + Level 7.2 Spellcasting
 + Level 6.0 Conjurations
 + Level 6.0 Hexes
 + Level 6.0 Charms
 + Level 6.0 Summonings
 + Level 6.0 Necromancy
 + Level 6.0 Translocations
 + Level 6.0 Transmutations
 + Level 6.0 Fire Magic
 + Level 6.0 Ice Magic
 + Level 6.0 Air Magic
 + Level 6.0 Earth Magic
 + Level 6.0 Poison Magic
 + Level 7.9 Invocations
 + Level 7.2 Evocations


You had 24 spell levels left.
You knew the following spells:

 Your Spells              Type           Power        Failure   Level  Hunger
a - Apportation           Tloc           ###...       43%         1    None


Dungeon Overview and Level Annotations

Branches:
Dungeon (13/15)            Temple (0/1) D:7            Lair (0/6) D:10
    Orc (0/2) D:10
 Vaults: D:13-14

Altars:
Ashenzari
Cheibriados
Dithmenos
Elyvilon
Gozag
Hepliaklqana
Kikubaaqudgha
Makhleb
Nemelex Xobeh
Okawaru
Qazlal
Ru
Vehumet
Xom
Yredelemnul
Zin
The Shining One


Innate Abilities, Weirdness & Mutations

Your experience applies equally to all skills.
You have very sharp teeth.
Your uncanny sense of smell can sniff out nearby items.


Message History

You slash the deep elf mage!
The deep elf mage is almost dead.
You are covered in liquid flames!
* * * LOW HITPOINT WARNING * * *
The deep elf mage casts a spell.
Unknown command.
You barely miss the deep elf mage.
The deep elf mage is almost dead.
You are covered in liquid flames!
* * * LOW HITPOINT WARNING * * *
Your skin stops crawling.
You feel less resistant to hostile enchantments.
The deep elf mage hits you but does no damage.
You slash the deep elf mage!
You kill the deep elf mage!
Trog accepts your kill.
Trog appreciates your killing of a magic user.
The fire elemental disappears in a puff of smoke! x2
You are covered in liquid flames!
You die...

#.......... ........
#...........%>.Y.?....
#...# ..... ......
#...######'.. #.....
#.)%.†...#'## #...#.
#...........# ......
#...)..)....+ ......
#...........# ......
#....@......# .##...
#...)§§.....####' #...
#....§§.......... #...
#................ #...
#...##................
#$..##................
#.....................
#.....................
.....................


There were no monsters in sight!

Vanquished Creatures
  Snorg (D:11)
  The ghost of Totori the Transmogrifier, a journeyman DrTm of Okawaru (D:11)
  A centaur warrior (D:13)
  The ghost of tidbits the Magician, a novice GnIE of Cheibriados (D:11)
  Nergalle (D:10)
  4 deep elf magi (D:11)
  An ugly thing (D:11)
  A komodo dragon (D:12)
  3 trolls
  A hippogriff (D:5)
  Sigmund (D:4)
  21 yaks
  A wyvern (D:8)
  2 porcupines (D:10)
  4 ice beasts
  8 orc warriors
  5 phantoms
  3 sky beasts
  3 black bears
  8 ogres
  2 centaurs
  5 big kobolds
  A crocodile (D:6)
  8 bullfrogs
  3 gnoll sergeants
  A wyvern zombie (D:10)
  2 scorpions
  11 wights
  2 bullfrog zombies
  9 crimson imps
  2 quasits
  3 jellies
  A bullfrog skeleton (D:6)
  4 orc priests
  3 centaur skeletons
  6 hounds
  8 orc wizards
  2 iguanas
  7 worker ants
  A hound zombie (D:6)
  A hound skeleton (D:5)
  A mummy (D:5)
  2 howler monkey skeletons
  2 worker ant zombies
  14 adders
  9 gnolls
  2 shadow imps
  An ooze (D:2)
  An adder zombie (D:5)
  An adder skeleton (D:7)
  3 dart slugs
  3 worms (D:3)
  10 leopard geckos
  37 orcs
  8 bats
  2 bat zombies (D:3)
  6 giant cockroaches
  7 goblins
  4 hobgoblins
  11 jackals
  13 kobolds
  6 quokkas
  A ball python (D:1)
  3 frilled lizards
  A giant cockroach zombie (D:5)
  3 hobgoblin zombies (D:6)
  A kobold zombie (D:6)
  A leopard gecko zombie (D:5)
  An orc skeleton (D:6)
  2 orc zombies (D:6)
  A quokka zombie (D:7)
  9 rats
  A rat zombie (D:3)
  A fungus (D:10)
321 creatures vanquished.

Vanquished Creatures (collateral kills)
  Fannar (D:10)
  A two-headed ogre (D:9)
  A worker ant zombie (D:9)
3 creatures vanquished.

Vanquished Creatures (others)
  A human (D:7)
  13 fungi (D:10)
  15 plants
29 creatures vanquished.

Grand Total: 353 creatures vanquished

Notes
Turn   | Place    | Note
-------+----------+-------------------------------------------
     0 | D:1      | Savaroth the Gnoll Berserker began the quest for the Orb.
     0 | D:1      | Reached XP level 1. HP: 23/23 MP: 1/1
    86 | D:1      | Reached XP level 2. HP: 25/29 MP: 2/2
   497 | D:1      | Reached XP level 3. HP: 25/35 MP: 3/3
   605 | D:1      | Reached ** piety under Trog
   782 | D:1      | Reached skill level 1 in Invocations
   979 | D:2      | Found a glowing silver altar of Zin.
   987 | D:2      | Reached skill level 1 in Short Blades
   987 | D:2      | Reached skill level 1 in Long Blades
   987 | D:2      | Reached skill level 1 in Maces & Flails
   987 | D:2      | Reached skill level 1 in Polearms
   987 | D:2      | Reached skill level 1 in Staves
   987 | D:2      | Reached skill level 1 in Slings
   987 | D:2      | Reached skill level 1 in Bows
   987 | D:2      | Reached skill level 1 in Crossbows
   987 | D:2      | Reached skill level 1 in Throwing
   987 | D:2      | Reached skill level 1 in Stealth
   987 | D:2      | Reached skill level 1 in Shields
   987 | D:2      | Reached skill level 1 in Unarmed Combat
   987 | D:2      | Reached skill level 1 in Spellcasting
   987 | D:2      | Reached skill level 1 in Evocations
  1032 | D:2      | Reached XP level 4. HP: 41/41 MP: 5/5
  1472 | D:3      | Reached skill level 1 in Conjurations
  1472 | D:3      | Reached skill level 1 in Hexes
  1472 | D:3      | Reached skill level 1 in Charms
  1472 | D:3      | Reached skill level 1 in Summonings
  1472 | D:3      | Reached skill level 1 in Necromancy
  1472 | D:3      | Reached skill level 1 in Translocations
  1472 | D:3      | Reached skill level 1 in Transmutations
  1472 | D:3      | Reached skill level 1 in Fire Magic
  1472 | D:3      | Reached skill level 1 in Ice Magic
  1472 | D:3      | Reached skill level 1 in Air Magic
  1472 | D:3      | Reached skill level 1 in Earth Magic
  1472 | D:3      | Reached skill level 1 in Poison Magic
  1564 | D:3      | Reached XP level 5. HP: 43/47 MP: 6/6
  1686 | D:3      | Reached *** piety under Trog
  1951 | D:3      | Found an ancient bone altar of Kikubaaqudgha.
  2281 | D:4      | Noticed a phantom
  2295 | D:4      | Reached XP level 6. HP: 46/53 MP: 8/8
  2299 | D:4      | Noticed Sigmund
  2308 | D:4      | Killed Sigmund
  2308 | D:4      | Reached skill level 5 in Armour
  2308 | D:4      | Reached skill level 5 in Dodging
  2346 | D:4      | Killed a phantom
  2346 | D:4      | Reached XP level 7. HP: 54/60 MP: 10/10
  2415 | D:4      | Found a shattered altar of Ashenzari.
  2415 | D:4      | Found a hazy altar of Hepliaklqana.
  2427 | D:4      | Found a sparkling altar of Nemelex Xobeh.
  2429 | D:4      | Found a sacrificial altar of Ru.
  2430 | D:4      | Found a faded altar of an unknown god.
  2487 | D:4      | Found a radiant altar of Vehumet.
  2488 | D:4      | Found a burning altar of Makhleb.
  2754 | D:5      | Entered Level 5 of the Dungeon
  3061 | D:5      | Reached **** piety under Trog
  3070 | D:5      | Reached XP level 8. HP: 65/67 MP: 12/12
  3086 | D:5      | Found a snail-covered altar of Cheibriados.
  3143 | D:5      | Noticed a hippogriff
  3154 | D:5      | Killed a hippogriff
  3227 | D:5      | Found a white marble altar of Elyvilon.
  3227 | D:5      | Found an opulent altar of Gozag.
  3793 | D:6      | Reached XP level 9. HP: 72/72 MP: 14/14
  4037 | D:6      | Found a glowing golden altar of the Shining One.
  4101 | D:6      | Found a stormy altar of Qazlal.
  4366 | D:6      | Found a basalt altar of Yredelemnul.
  5080 | D:7      | Found a glowing golden altar of the Shining One.
  5112 | D:7      | Found a staircase to the Ecumenical Temple.
  5337 | D:7      | Reached skill level 5 in Invocations
  5357 | D:7      | Found an ancient bone altar of Kikubaaqudgha.
  5785 | D:8      | Found an iron altar of Okawaru.
  5815 | D:8      | Reached XP level 10. HP: 43/80 MP: 17/17
  6565 | D:8      | Reached skill level 5 in Short Blades
  6565 | D:8      | Reached skill level 5 in Long Blades
  6565 | D:8      | Reached skill level 5 in Maces & Flails
  6565 | D:8      | Reached skill level 5 in Polearms
  6565 | D:8      | Reached skill level 5 in Staves
  6565 | D:8      | Reached skill level 5 in Slings
  6565 | D:8      | Reached skill level 5 in Bows
  6565 | D:8      | Reached skill level 5 in Crossbows
  6565 | D:8      | Reached skill level 5 in Throwing
  6565 | D:8      | Reached skill level 5 in Stealth
  6565 | D:8      | Reached skill level 5 in Shields
  6565 | D:8      | Reached skill level 5 in Unarmed Combat
  6565 | D:8      | Reached skill level 5 in Spellcasting
  6565 | D:8      | Reached skill level 5 in Evocations
  6711 | D:8      | Found a glowing golden altar of the Shining One.
  6713 | D:8      | Found a radiant altar of Vehumet.
  6713 | D:8      | Found a shadowy altar of Dithmenos.
  6715 | D:8      | Found an iron altar of Okawaru.
  6715 | D:8      | Found an iron altar of Okawaru.
  6715 | D:8      | Found a shimmering altar of Xom.
  6942 | D:9      | Reached ***** piety under Trog
  7010 | D:9      | Noticed a two-headed ogre
  7015 | D:9      | Killed a two-headed ogre
  7051 | D:9      | Found an iron altar of Okawaru.
  7201 | D:10     | Entered Level 10 of the Dungeon
  7450 | D:10     | Noticed Nergalle
  7455 | D:10     | Noticed a spectral orc warlord
  7463 | D:10     | Noticed a spectral orc warlord
  7477 | D:10     | Killed Nergalle
  7575 | D:10     | Noticed Fannar
  7617 | D:10     | Killed Fannar
  7617 | D:10     | Reached XP level 11. HP: 87/87 MP: 19/19
  8079 | D:10     | Reached skill level 5 in Conjurations
  8079 | D:10     | Reached skill level 5 in Hexes
  8079 | D:10     | Reached skill level 5 in Charms
  8079 | D:10     | Reached skill level 5 in Summonings
  8079 | D:10     | Reached skill level 5 in Necromancy
  8079 | D:10     | Reached skill level 5 in Translocations
  8079 | D:10     | Reached skill level 5 in Transmutations
  8079 | D:10     | Reached skill level 5 in Fire Magic
  8079 | D:10     | Reached skill level 5 in Ice Magic
  8079 | D:10     | Reached skill level 5 in Air Magic
  8079 | D:10     | Reached skill level 5 in Earth Magic
  8079 | D:10     | Reached skill level 5 in Poison Magic
  8082 | D:10     | Was placed under penance by Trog
  8084 | D:10     | Learned a level 1 spell: Apportation
  8207 | D:10     | Found a staircase to the Orcish Mines.
  8439 | D:9      | Was forgiven by Trog
  8505 | D:10     | Received a gift from Trog
  8664 | D:10     | Found a staircase to the Lair.
  8983 | D:11     | Noticed a white ugly thing
  9002 | D:11     | Killed a white ugly thing
  9239 | D:11     | Noticed a six-headed hydra
  9264 | D:11     | You fall through a shaft for 2 floors!
  9361 | D:13     | Noticed a centaur warrior
  9390 | D:13     | Killed a centaur warrior
  9843 | D:12     | Noticed a four-headed hydra
  9977 | D:11     | Reached XP level 12. HP: 80/96 MP: 22/22
 10052 | D:11     | Noticed tidbits's ghost (novice GnIE)
 10115 | D:11     | HP: 3/96 [tidbits's ghost (12)]
 10135 | D:11     | Noticed Totori's ghost (journeyman DrTm)
 10141 | D:11     | Noticed a sun demon
 10153 | D:11     | Killed Totori's ghost
 10208 | D:11     | Noticed Snorg
 10231 | D:11     | Killed Snorg
 10238 | D:11     | Killed tidbits's ghost
 10298 | D:11     | HP: 4/97 [burnt (6)]
 10299 | D:11     | Incinerated by a deep elf mage

Skill      XL: |  1  2  3  4  5  6  7  8  9 10 11 12 |
---------------+-------------------------------------+-----
Invocations    | 1 2 3 4 5 6 7 |  7.9
Short Blades   | 1 2 3 4 5 6 7 |  7.2
Long Blades    | 1 2 3 4 5 6 7 |  7.2
Maces & Flails | 1 2 3 4 5 6 7 |  7.2
Polearms       | 1 2 3 4 5 6 7 |  7.2
Staves         | 1 2 3 4 5 6 7 |  7.2
Slings         | 1 2 3 4 5 6 7 |  7.2
Bows           | 1 2 3 4 5 6 7 |  7.2
Crossbows      | 1 2 3 4 5 6 7 |  7.2
Throwing       | 1 2 3 4 5 6 7 |  7.2
Stealth        | 1 2 3 4 5 6 7 |  7.2
Shields        | 1 2 3 4 5 6 7 |  7.2
Unarmed Combat | 1 2 3 4 5 6 7 |  7.2
Spellcasting   | 1 2 3 4 5 6 7 |  7.2
Evocations     | 1 2 3 4 5 6 7 |  7.2
Conjurations   | 1 2 3 4 5 6 |  6.0
Hexes          | 1 2 3 4 5 6 |  6.0
Charms         | 1 2 3 4 5 6 |  6.0
Summonings     | 1 2 3 4 5 6 |  6.0
Necromancy     | 1 2 3 4 5 6 |  6.0
Translocations | 1 2 3 4 5 6 |  6.0
Transmutations | 1 2 3 4 5 6 |  6.0
Fire Magic     | 1 2 3 4 5 6 |  6.0
Ice Magic      | 1 2 3 4 5 6 |  6.0
Air Magic      | 1 2 3 4 5 6 |  6.0
Earth Magic    | 1 2 3 4 5 6 |  6.0
Poison Magic   | 1 2 3 4 5 6 |  6.0
Armour         | 5 6 7 8 |  8.6
Dodging        | 5 6 7 8 |  8.6
Fighting       | 7 8 9 |  9.8
Axes           | 7 8 9 |  9.8

Action                   |  1- 3 |  4- 6 |  7- 9 | 10-12 || total
-------------------------+-------+-------+-------+-------++-------
Melee: Hand axe          |    80 |   219 |   340 |   769 ||  1408
       Bite              |     8 |    25 |    42 |   140 ||   215
       Punch             |     1 |     2 |     3 |       ||     6
Invok: Trog's Hand       |       |     2 |     5 |    29 ||    36
       Berserk           |       |     1 |       |     8 ||     9
       Brothers in Arms  |       |       |       |     2 ||     2
       Burn Spellbooks   |       |       |       |     3 ||     3
  Use: Scroll            |       |     3 |     7 |     5 ||    15
       Potion            |       |       |    10 |     4 ||    14
 Stab: Sleeping          |     1 |       |       |       ||     1
       Distracted        |       |       |       |     1 ||     1
  Eat: Chunk             |       |     7 |     8 |    15 ||    30
       Ration            |       |       |     1 |     6 ||     7
Armor: Animal skin       |     7 |       |       |       ||     7
       Chain mail        |    12 |    36 |       |       ||    48
       Scale mail        |       |    58 |     6 |       ||    64
       Plate armour      |       |       |   198 |   388 ||   586
Dodge: Dodged            |    43 |   129 |   170 |   266 ||   608
Block: Buckler           |       |       |    11 |    95 ||   106
       Shield            |       |       |       |   203 ||   203
